 Dungeon Crawl Stone Soup version 0.32-a0-42-ga30500b4d3 (webtiles) character file.

Game seed: 10807257661855672916

1064 seren the Grave Robber (level 8, 29/52 HPs)
             Began as a Demonspawn Necromancer on Jan 30, 2024.
             Quit the game on level 6 of the Dungeon.
             The game lasted 00:12:33 (4663 turns).

seren the Grave Robber (Demonspawn Necromancer)     Turns: 4663, Time: 00:12:33

Health: 29/52      AC:  4    Str:  8    XL:     8   Next: 6%
Magic:  12/14      EV: 13    Int: 17    God:
Gold:   259        SH:  4    Dex: 15    Spells: 11/15 levels left

rFire   . . .        b - +5 sling "Vempus" {heavy, rElec rN+ Stlth-}
rCold   . . .        (no shield)
rNeg    + + +        r - +1 robe {rN+}
rPois   .            (helmet restricted)
rElec   +            (no cloak)
rCorr   .            i - +0 pair of gloves
SInv    .            (no boots)
Will    +....        (no amulet)
Stlth   +            l - ring of positive energy
HPRegen 0.28/turn    q - ring of willpower
MPRegen 0.14/turn

%: no passive effects
@: no status effects
A: hooves 2, horns 1, spiny 1, condensation shield, weakness stinger 1
a: no special abilities


You were on level 6 of the Dungeon.
You visited 1 branch of the dungeon, and saw 6 of its levels.

You collected 259 gold pieces.

Inventory:

Hand Weapons
 b - the +5 sling "Vempus" (weapon) {heavy, rElec rN+ Stlth-}
   (You found it on level 3 of the Dungeon)

   rElec:     It insulates you from electricity.
   rN+:       It protects you from negative energy.
   Stlth-:    It makes you less stealthy.
 d - a +0 dagger
Missiles
 g - 20 poisoned darts
 h - 2 boomerangs
 u - 2 throwing nets {!f}
Armour
 i - a +0 pair of gloves (worn)
 n - a +0 helmet
 r - a +1 robe of positive energy (worn)
Jewellery
 a - a ring of positive energy
 c - an amulet of guardian spirit
 j - a ring of flight
 l - a ring of positive energy (left hand)
 q - a ring of willpower (right hand)
 t - a ring of magical power
Talismans
 e - a serpent talisman
 w - a granite talisman
Wands
 s - a wand of paralysis (7)
Scrolls
 f - a scroll of immolation
 m - a scroll of enchant weapon
 p - a scroll of silence
 v - a scroll of teleportation {unknown}
 y - 2 scrolls of poison
 z - a scroll of amnesia {unknown}
 A - 2 scrolls of noise {unknown}
 B - 3 scrolls of identify
 C - a scroll of vulnerability {unknown}
 D - a scroll of fear {unknown}
Potions
 k - 3 potions of curing
 o - 3 potions of magic
 x - a potion of heal wounds


   Skills:
 * Level 4.0 Ranged Weapons
 + Level 3.9 Dodging
 - Level 3.0 Stealth
 + Level 4.0 Spellcasting
 * Level 7.4 Necromancy


You had 11 spell levels left.
You knew the following spells:

 Your Spells              Type           Power      Damage    Failure   Level
a - Necrotise             Necr           100%       1d9       1%          1
b - Vampiric Draining     Necr           28%        2d8       2%          3

Your spell library contained the following spells:

 Spells                   Type           Power      Damage    Failure   Level
 Animate Dead             Necr           28%        N/A       8%          4
 Apportation              Tloc           6%         N/A       16%         1
 Curse of Agony           Necr           28%        N/A       21%         5
 Jinxbite                 Hex            6%         N/A       24%         2
 Martyr's Knell           Necr/Summ      16%        N/A       32%         4
 Frozen Ramparts          Ice            6%         1d1       43%         3
 Hailstorm                Conj/Ice       3%         3d5       43%         3
 Summon Ice Beast         Ice/Summ       3%         N/A       43%         3
 Volatile Blastmotes      Fire/Tloc      6%         2d10      43%         3
 Fulminant Prism          Conj/Alch      1%         3d5       83%         4
 Iskenderun's Mystic Bla  Conj/Tloc      3%         2d3       83%         4
 Leda's Liquefaction      Alch/Erth      1%         N/A       83%         4
 Petrify                  Alch/Erth      3%         N/A       83%         4
 Alistair's Intoxication  Alch           2%         N/A       99%         5
 Metabolic Englaciation   Hex/Ice        1%         N/A       99%         5
 Sculpt Simulacrum        Ice/Alch       1%         N/A       100%        6
 Infestation              Necr           14%        N/A       100%        8


Dungeon Overview and Level Annotations

Branches:
Dungeon (6/15)
 Temple: D:4-7

Altars:
Makhleb
Ru
Uskayaw
Vehumet

Shops:
D:3 =:


Innate Abilities, Weirdness & Mutations

You have hoof-like feet.
You have a pair of small horns on your head.
You are partially covered in sharp spines.
A meltable shield of frost defends you. (SH +4)
You have a small tail.


Message History

The scorpion stings you.
You shoot a sling bullet. The sling bullet hits the scorpion!
You kill the scorpion!
HP restored.
Found 3 stones.
Menkaure, Prince of Dust comes into view.
You shoot a sling bullet. The sling bullet hits Menkaure!
Menkaure shouts!
Menkaure is heavily damaged.
You shoot a sling bullet.
The sling bullet hits Menkaure but does no damage.
Menkaure is heavily damaged.
Menkaure casts a spell at you.
You are unaffected.
You shoot a sling bullet.
The sling bullet barely misses Menkaure.
You shoot a sling bullet.
The sling bullet barely misses Menkaure.
You shoot a sling bullet. The sling bullet hits Menkaure.
Menkaure is heavily damaged.
Menkaure rustles, "Let me perform the rites..."
You block Menkaure's attack.
You shoot a sling bullet.
The sling bullet barely misses Menkaure.
Menkaure hits you!
* * * LOW HITPOINT WARNING * * *
Menkaure is struck by your spines. Menkaure hits you!
* * * LOW HITPOINT WARNING * * *
You shoot a sling bullet. The sling bullet hits Menkaure!
Menkaure is almost destroyed.
Menkaure casts a spell at you. You resist with some effort.
You shoot a sling bullet. The sling bullet hits Menkaure!
You destroy Menkaure!
Your Ranged Weapons skill increases to level 4!
Your Spellcasting skill increases to level 4!
You have reached level 8!
You feel agile.
Your demonic ancestry asserts itself...
You grow a small tail.
Are you sure you want to abandon this character and quit the game? (Confirm with "yes".)

#.. .. #..
.### #.. ....
#.# ..#
......##
...####.#....
..........#
#@# #.# #
###.###...#
#..<.......
#.#####...#
#.# ## #.#
#.# .(#


There were no monsters in sight!

Vanquished Creatures
  Menkaure (D:6)
  An ice beast (D:5)
  A phantom (D:4)
  A scorpion (D:6)
  A gnoll sergeant (D:5)
  5 hounds
  A jelly (D:5)
  Jessica (D:3)
  An iguana (D:5)
  A sleepcap (D:4)
  2 orc wizards (D:5)
  Robin (D:3)
  21 gnolls
  4 adders
  A shadow imp (D:4)
  3 ribbon worms
  A dart slug (D:4)
  6 orcs (D:5)
  6 ball pythons
  An endoplasm (D:4)
  4 giant cockroaches
  10 goblins
  13 hobgoblins
  2 jackals (D:3)
  10 kobolds
  3 quokkas
  3 bats (D:1)
  4 frilled lizards
  10 rats
119 creatures vanquished.

Vanquished Creatures (collateral kills)
  An endoplasm (D:2)
  A rat (D:2)
2 creatures vanquished.

Grand Total: 121 creatures vanquished

Notes
Turn   | Place    | Note
-------+----------+-------------------------------------------
     0 | D:1      | seren the Demonspawn Necromancer began the quest for the
                  | Orb.
     0 | D:1      | Reached XP level 1. HP: 13/13 MP: 3/3
   289 | D:1      | Discovered your monstrous ancestry.
   289 | D:1      | Gained mutation: You have large cloven feet. [demonic
                  | ancestry]
   289 | D:1      | Reached XP level 2. HP: 16/19 MP: 0/5
   299 | D:1      | Got Khufu's Anthology of Despicable Rites
  1326 | D:2      | Reached XP level 3. HP: 15/24 MP: 0/6
  1692 | D:1      | Learned a level 3 spell: Vampiric Draining
  1754 | D:2      | Reached skill level 5 in Necromancy
  1759 | D:2      | Gained mutation: You are partially covered in sharp spines.
                  | [demonic ancestry]
  1759 | D:2      | Reached XP level 4. HP: 22/30 MP: 0/7
  2474 | D:2      | You are sucked into a shaft and drop 2 floors!
  2715 | D:3      | Identified the +5 sling "Vempus" {heavy, rElec rN+ Stlth-}
  2851 | D:3      | Found Leig's Book Emporium.
  2871 | D:3      | Gained mutation: You have a pair of small horns on your
                  | head. [demonic ancestry]
  2871 | D:3      | Reached XP level 5. HP: 35/35 MP: 9/9
  2915 | D:3      | Noticed Robin
  2918 | D:3      | Killed Robin
  2986 | D:3      | Noticed Jessica
  3031 | D:3      | Found a faded altar of an unknown god.
  3057 | D:3      | Found a hide-covered altar of Uskayaw.
  3179 | D:3      | Killed Jessica
  3180 | D:3      | Reached skill level 1 in Ranged Weapons
  3197 | D:3      | Found Tyeklukit's Jewellery Shoppe.
  3356 | D:4      | Noticed a phantom
  3358 | D:4      | Killed a phantom
  3359 | D:4      | Reached skill level 6 in Necromancy
  3359 | D:4      | Gained mutation: You have hoof-like feet. [demonic
                  | ancestry]
  3359 | D:4      | Reached XP level 6. HP: 41/41 MP: 10/10
  3665 | D:5      | Entered Level 5 of the Dungeon
  3827 | D:5      | Found a radiant altar of Vehumet.
  3951 | D:5      | Gained mutation: A meltable shield of frost defends you.
                  | (SH +4) [demonic ancestry]
  3951 | D:5      | Reached XP level 7. HP: 46/46 MP: 12/12
  4049 | D:5      | Found a burning altar of Makhleb.
  4049 | D:5      | Found a sacrificial altar of Ru.
  4456 | D:5      | Reached skill level 7 in Necromancy
  4654 | D:6      | Noticed Menkaure
  4662 | D:6      | Killed Menkaure
  4663 | D:6      | Gained mutation: You have a small tail. [demonic ancestry]
  4663 | D:6      | Reached XP level 8. HP: 29/52 MP: 12/14
  4663 | D:6      | Quit the game

Illustrated notes

Levels and vault maps discovered:
D:1:      minmay_arrival_jagged, layout_loops_corners
D:2:      layout_loops_ring
D:3:      layout_rooms, elyvilon_altar_3, tso_metal_star, marbit_many_paths,
          serial_shops, shop, nicolae_shop_tiny_real_fake_doors,
          shapermc_ecumenical_altar_starsandcircs, uniq_jessica, uniq_robin
D:4:      layout_cave_pools, minmay_misc_feat_chi
D:5:      layout_loops_ring, mainiacjoe_overflow_brackets,
          mainiacjoe_overflow_divided_tiny
D:6:      layout_loops_ring, minmay_temple_entry_trees, uniq_menkaure

Skill      XL: |  1  2  3  4  5  6  7 |
---------------+----------------------+-----
Dodging        | 2 3 |  3.9
Stealth        | 2 3 |  3.0
Necromancy     | 5 6 7 |  7.4
Spellcasting   | 3 4 |  4.0
Ranged Weapons | 1 2 4 |  4.0

Action                     |  1- 3 |  4- 6 |  7- 9 || total
---------------------------+-------+-------+-------++-------
  Melee: Dagger            |    22 |    13 |       ||    35
         Kick              |     2 |     4 |       ||     6
   Fire: Sling             |       |   118 |    68 ||   186
   Cast: Necrotise         |    47 |    30 |       ||    77
    Use: Potion            |       |     2 |       ||     2
         Scroll            |       |     6 |       ||     6
   Stab: Sleeping          |     1 |       |       ||     1
 Armour: Robe              |    15 |    50 |    17 ||    82
         Skin              |       |    15 |       ||    15
  Dodge: Dodged            |    26 |    67 |    19 ||   112
  Block: Other             |       |       |     6 ||     6

Table legend: (Time is in decaauts)
 A = Elapsed time spent in this place.
 B = Non-inter-level travel time spent in this place.
 C = Inter-level travel time spent in this place.
 D = Time resting spent in this place.
 E = Time spent auto-exploring this place.
 F = Levels seen in this place.
 G = Mean time per level.
                   A        B        C        D        E       F      G
               +--------+--------+--------+--------+--------+-----+--------+
         Total |   4841 |   4409 |    432 |    264 |   3050 |   6 |  806.8 |
       Dungeon |   4841 |   4409 |    432 |    264 |   3050 |   6 |  806.8 |
               +--------+--------+--------+--------+--------+-----+--------+

Top non-repeatable levels by time:
     D:1: 1577 daAuts
     D:2: 1089 daAuts
     D:5: 939 daAuts
     D:3: 657 daAuts
     D:4: 541 daAuts
     D:6: 37 daAuts
